 Dungeon Crawl Stone Soup version 0.17-a0-915-g8914353 (webtiles) character file.

42 Lathuz the Cudgeler (level 3, -6/46 HPs)
             Began as a Minotaur Berserker on May 4, 2015.
             Was a Believer of Trog.
             Mangled by Natasha (9 damage)
             ... on level 2 of the Dungeon.
             The game lasted 00:02:18 (1158 turns).

Lathuz the Cudgeler (Minotaur Berserker)            Turns: 1158, Time: 00:02:20

Health: -6/46      AC:  2    Str: 26    XL:     3   Next: 33%
Magic:  2/2        EV:  7    Int:  4    God:    Trog [**....]
Gold:   120        SH: 13    Dex: 10    Spells: 0 memorised, 2 levels left

rFire  . . .     SeeInvis .     a - +0 mace
rCold  . . .     Clarity  .     b - +0 animal skin
rNeg   . . .     SustAb   .     l - +0 large shield
rPois  .         Gourm    .     (helmet restricted)
rElec  .         Spirit   .     (no cloak)
rCorr  .         Warding  .     (no gloves)
rMut   .         Stasis   .     (no boots)
MR     .....                    (no amulet)
Stlth  ..........               (no ring)
                                m - +5 ring of slaying

@: berserking, slowed, drained, not resistant to hostile enchantments, extremely
unstealthy
A: retaliatory headbutt, horns 2
a: Burn Spellbooks, Berserk, Trog's Hand, Renounce Religion


You were on level 2 of the Dungeon.
You worshipped Trog.
Trog was pleased with you.
You were very hungry.

You visited 1 branch of the dungeon, and saw 2 of its levels.

You collected 120 gold pieces.

Inventory:

Hand weapons
 a - a +0 mace (weapon)
Armour
 b - a +0 animal skin (worn)
 l - a +0 large shield (worn)
Jewellery
 m - a +5 ring of slaying (left hand)
 n - an uncursed amulet of resist mutation {unknown}
Scrolls
 h - 3 scrolls of identify {unknown}
 i - a scroll of recharging {unknown}
 j - a scroll of immolation {unknown}
 k - a scroll of remove curse {unknown}
Potions
 d - a potion of brilliance {unknown}
 e - 4 potions of curing {unknown}
 f - a potion of flight {unknown}
Comestibles
 c - 2 bread rations
 g - a meat ration


   Skills:
 - Level 3.6(3.5) Fighting
 + Level 5.1(5.0) Maces & Flails
 - Level 2.4(2.3) Armour
 - Level 2.1(2.0) Dodging
 + Level 1.2(1.1) Shields


You had 2 spell levels left.
You didn't know any spells.

Dungeon Overview and Level Annotations

Branches:
Dungeon (2/15)

Altars:

Annotations:
D:2 Natasha


Innate Abilities, Weirdness & Mutations

You reflexively headbutt those who attack you in melee.
You have a pair of horns on your head.


Message History

You hit the crimson imp.
The crimson imp is heavily wounded.
Natasha casts a spell at you.
You feel yourself slow down.
The crimson imp hits you but does no damage.
You closely miss the crimson imp. Your headbutt misses the crimson imp.
The crimson imp is moderately wounded.
You block Natasha's attack.
The crimson imp blinks!
Natasha claws you!
You barely miss Natasha. Natasha claws you! Natasha claws you!
* * * LOW HITPOINT WARNING * * *
The crimson imp barely misses you.
You are too injured to fight recklessly!
Use which ability? (? or * to list)
A red film seems to cover your vision as you go berserk!
You feel yourself moving faster!
You feel mighty!
You are feeling very hungry.
Natasha claws you!
* * * LOW HITPOINT WARNING * * *
You block the crimson imp's attack. Natasha claws you!
You die...

#...#.#........#.# #.#
##.##.#..........# #.#
#....#......##### #.#
####.###.##.# ##.##
#.###.##.# ##...##
#.....##'## #.....###
#.#####...## #.......#
#.# ##..†..## #.....#.#
#.# #...@5..# ##...##.###
#.##....h....####........
...+.........+........##.
#.##.........####........
..###.......## ##.##.##.
### ##.....## #.#..#
##...## #.#.###. ##+##
#....... #.# #.......


You could see Natasha and a crimson imp.

Vanquished Creatures
  An adder (D:2)
  2 oozes
  2 giant cockroaches
  5 goblins
  A hobgoblin (D:1)
  A ball python (D:2)
  5 bats (D:1)
  A giant newt (D:1)
  4 kobolds (D:1)
  3 rats
25 creatures vanquished.

Notes
Turn   | Place    | Note
--------------------------------------------------------------
     0 | D:1      | Lathuz, the Minotaur Berserker, began the quest for the Orb.
     0 | D:1      | Reached XP level 1. HP: 19/19 MP: 0/0
   141 | D:1      | Reached skill level 4 in Maces & Flails
   200 | D:1      | Reached XP level 2. HP: 19/26 MP: 1/1
   869 | D:2      | Acquired Trog's second power
   886 | D:2      | Reached skill level 5 in Maces & Flails
   886 | D:2      | Reached XP level 3. HP: 27/31 MP: 2/2
   898 | D:2      | Reached skill level 1 in Shields
  1151 | D:2      | Noticed Natasha
  1158 | D:2      | Mangled by Natasha

Action                   || total
-------------------------++-------
Melee: Mace              ||    51
Invok: Berserk           ||     1
